 Dungeon Crawl Stone Soup version 0.20-b1 (webtiles) character file.

36 MTVSty1e the Grave Robber (level 3, 0/26 HPs)
             Began as a Demonspawn Necromancer on May 18, 2017.
             Succumbed to an adder's poison
             ... on level 1 of the Dungeon.
             The game lasted 00:02:52 (1073 turns).

MTVSty1e the Grave Robber (Demonspawn Necromancer)  Turns: 1073, Time: 00:02:53

Health: 0/26       AC:  2    Str:  9    XL:     3   Next: 19%
Magic:  0/6        EV: 12    Int: 16    God:
Gold:   70         SH:  0    Dex: 13    Spells: 2/6 levels left

rFire    . . .     SeeInvis .   e - +0 short sword
rCold    . . .     Gourm    .   (no shield)
rNeg     . . .     Faith    .   a - +0 robe
rPois    .         Spirit   +   (no helmet)
rElec    .         Reflect  .   (no cloak)
rCorr    .         Harm     .   (no gloves)
MR       .....                  (no boots)
Stlth    ++........             (no amulet)
Regen    0.1/turn               (no ring)
MPRegen  0.1/turn               (no ring)

@: lethally poisoned (0 -> -8), very slightly contaminated
A: claws 1, magic shield
a: no special abilities


You were on level 1 of the Dungeon.
You were not hungry.

You visited 1 branch of the dungeon, and saw 2 of its levels.

You collected 70 gold pieces.

Inventory:

Hand Weapons
 e - a +0 short sword (weapon)
Armour
 a - a +0 robe (worn)
Scrolls
 f - 2 scrolls of identify {unknown}
 h - a scroll of enchant armour {unknown}
 j - a scroll of teleportation {unknown}
Potions
 d - a potion of curing {unknown}
 i - a potion of lignification {unknown}
Books
 b - a book of Necromancy

   Spells                             Type                      Level
   a - Pain                           Necromancy                   1
   b - Animate Skeleton               Necromancy                   1
   c - Vampiric Draining              Necromancy                   3
   d - Regeneration                   Charms/Necromancy            3
   e - Animate Dead                   Necromancy                   4
   f - Control Undead                 Necromancy                   4
Comestibles
 g - 2 meat rations


   Skills:
 * Level 1.2 Fighting
 + Level 1.1 Short Blades
 + Level 0.1 Armour
 + Level 2.2 Dodging
 + Level 1.9 Stealth
 + Level 2.0 Spellcasting
 * Level 0.0 Charms
 + Level 4.4 Necromancy


You had 2 spell levels left.
You knew the following spells:

 Your Spells              Type           Power        Failure   Level  Hunger
a - Pain                  Necr           ###.         3%          1    #......
b - Regeneration          Chrm/Necr      #.........   24%         3    ###....


Dungeon Overview and Level Annotations

Branches:
Dungeon (2/15)

Altars:


Innate Abilities, Weirdness & Mutations

You have sharp fingernails.
When hurt, damage is shared between your health and your magic reserves.


Message History

The jackal misses you.
You closely miss the adder.
The adder is lightly wounded.
The adder bites you. The jackal barely misses you. The adder bites you.
You are too injured to fight recklessly!
You hit the jackal but do no damage. The jackal closely misses you.
The adder barely misses you.
You closely miss the jackal.
You feel sick. The jackal bites you. The adder bites you.
* * * LOW HITPOINT WARNING * * *
The jackal closely misses you.
You hit the jackal.
The jackal is severely wounded.
The adder barely misses you. The jackal barely misses you. The adder bites you.
* * * LOW HITPOINT WARNING * * *
You are more poisoned.
The adder poisons you!
You barely miss the jackal.
The jackal is severely wounded.
You die...

#.#.#.#
##............#.###.
#.#.#)#
###...#####)..........
#.#.#.# #...#.#
#.###.#####.
#.#.#)####.#...#####.#
#.# #..
#..........###.......#
#.# #.#
###.#..........#####.#
#.# #.# #.......####.#
#.###.# #.# #######.#
#S# #(....# #.. #.#
#@# #.##### ##. #.#
#h#####.# #. #.#
#.......# #.
#.##########.# #.
#....>.).....# ##
##############


You could see an adder and a jackal.

Vanquished Creatures
  2 dart slugs (D:1)
  2 bats (D:1)
  A giant cockroach (D:1)
  8 goblins (D:1)
  8 hobgoblins (D:1)
  2 frilled lizards (D:1)
  2 kobolds (D:1)
  2 rats (D:1)
27 creatures vanquished.

Notes
Turn   | Place    | Note
-------+----------+-------------------------------------------
     0 | D:1      | MTVSty1e the Demonspawn Necromancer began the quest for the Orb.
     0 | D:1      | Reached XP level 1. HP: 13/13 MP: 3/3
   183 | D:1      | Gained mutation: You have sharp fingernails. [demonic ancestry]
   183 | D:1      | Reached XP level 2. HP: 13/20 MP: 5/5
   275 | D:1      | Reached skill level 1 in Fighting
   651 | D:1      | Reached skill level 1 in Short Blades
   839 | D:1      | Gained mutation: When hurt, damage is shared between your health and your magic reserves. [demonic ancestry]
   839 | D:1      | Reached XP level 3. HP: 26/26 MP: 6/6
   956 | D:1      | Learned a level 3 spell: Regeneration
  1072 | D:1      | HP: 1/26 [adder (4)]
  1073 | D:1      | Succumbed to an adder's poison

Skill      XL: |  1  2 |
---------------+-------+-----
Dodging        | 2 |  2.2
Fighting       | 1 |  1.2
Short Blades   | 1 |  1.1
Armour         | |  0.1
Stealth        | |  1.9
Spellcasting   | |  2.0
Necromancy     | |  4.4

Action                   || total
-------------------------++-------
Melee: Short sword       ||    71
 Cast: Pain              ||    24
 Stab: Sleeping          ||     2
       Distracted        ||     1
  Eat: Bread ration      ||     1
Armor: Robe              ||     8
Dodge: Dodged            ||    51
